 Dungeon Crawl Stone Soup version 0.28.0 (webtiles) character file.

Game seed: 1094880048261740461

2565 xSliceyx the Thaumaturge (level 9, -7/55 HPs)
             Began as a Djinni Fire Elementalist on Feb 5, 2022.
             Was a Follower of Makhleb.
             Shot with an arrow by a centaur (8 damage)
             ... on level 7 of the Dungeon.
             The game lasted 00:32:20 (8859 turns).

xSliceyx the Thaumaturge (Djinni Fire Elementalist) Turns: 8859, Time: 00:32:20

Health: -7/55      AC:  2    Str:  7    XL:     9   Next: 87%
Gold:   364        EV: 12    Int: 27    God:    Makhleb [*.....] SH:  0 Dex: 15

rFire   + + .      SeeInvis .   z - +5 scimitar
rCold   . . .      Faith    .   (no shield)
rNeg    + . .      Spirit   .   a - +0 robe
rPois   ∞          Reflect  .   (no helmet)
rElec   .          Harm     .   (no cloak)
rCorr   +          Rampage  .   (no gloves)
Will    .....                   (boots unavailable)
Stlth   +++.......              (no amulet)
HPRegen 0.18/turn               w - ring "Isuech" {rC+ rCorr Int+7 Stlth+}
MPRegen 0.00/turn               k - ring of positive energy

@: flying
A: sickness immunity, fire resistance 2, cold vulnerability 1, float, innate
caster, HP casting, extra vitality 1
a: Renounce Religion


You were on level 7 of the Dungeon.
You worshipped Makhleb.
Makhleb was aware of your devotion.
You visited 2 branches of the dungeon, and saw 8 of its levels.

You collected 364 gold pieces.

Inventory:

Hand Weapons
 r - a +2 hand crossbow of freezing
 z - a +5 scimitar (weapon)
 A - a +3 falchion of freezing
Missiles
 g - 75 stones
 s - 64 bolts
Armour
 a - a +0 robe (worn)
Jewellery
 e - a ring of protection from fire
 k - a ring of positive energy (right hand)
 w - the ring "Isuech" (left hand) {rC+ rCorr Int+7 Stlth+}
   (You took it off a kobold on level 6 of the Dungeon)

   [ring of resist corrosion]

   Int:       It affects your intelligence (+7).
   rC:        It protects you from cold.
   rCorr:     It protects you from acid and corrosion.
   Stlth:     It makes you more stealthy.
Wands
 u - a wand of flame (15)
 y - a wand of polymorph (5)
Scrolls
 b - a scroll of blinking {unknown}
 d - 2 scrolls of amnesia
 i - 2 scrolls of immolation {unknown}
 l - a scroll of magic mapping {unknown}
 m - a scroll of fog {unknown}
 o - a scroll of vulnerability {unknown}
 p - a scroll of holy word {unknown}
Potions
 c - 2 potions of haste {unknown}
 f - 2 potions of mutation {unknown}
 j - a potion of brilliance {unknown}
 n - 2 potions of degeneration {unknown}
 q - 3 potions of attraction
 t - 3 potions of lignification
 v - 2 potions of heal wounds {unknown}
 x - 3 potions of curing


   Skills:
 - Level 2.1 Dodging
 - Level 1.5 Stealth
 + Level 10.1 Spellcasting


You had 6 spell levels left.
You knew the following spells:

 Your Spells              Type           Power      Damage    Failure   Level
a - Foxfire               Conj/Fire      100%       2x1d9     1%          1
b - Scorch                Fire           100%       2d10      1%          2
c - Conjure Flame         Conj/Fire      62%        6-21      1%          3
d - Inner Flame           Hex/Fire       62%        N/A       1%          3
e - Flame Wave            Conj/Fire      62%        2d12      1%          4
f - Beastly Appendage     Tmut           100%       N/A       1%          1
g - Ensorcelled Hibernat  Hex/Ice        100%       N/A       1%          2
h - Tukima's Dance        Hex            62%        N/A       1%          3
i - Teleport Other        Tloc           62%        N/A       1%          3
Your spell library was empty.

Dungeon Overview and Level Annotations

Branches:
Dungeon (7/15)             Temple (1/1) D:6

Altars:
Ashenzari
Cheibriados
Dithmenos
Elyvilon
Fedhas
Gozag
Hepliaklqana
Makhleb
Nemelex Xobeh
Qazlal
Ru
Sif Muna
Trog
Uskayaw
Vehumet
Wu Jian
Xom
Yredelemnul
Zin
The Shining One

Shops:
D:6 (


Innate Abilities, Weirdness & Mutations

You are immune to sickness and miasma.
You are immune to poison.
Your flesh is very heat resistant. (rF++)
You are vulnerable to cold. (rC-)
You float through the air rather than walking.
You learn spells naturally, not from books.
Your magical power is your life essence.
You have superior vitality. (+4 MHP)


Message History

The black bear is moderately wounded.
The foxfire hits the black bear!
The black bear is heavily wounded.
Casting: Foxfire (safe; 1% risk of failure)
Confirm with . or Enter, or press ? or * to list all spells.
You don't know that spell.
Unknown command.
Casting: Foxfire (safe; 1% risk of failure)
Confirm with . or Enter, or press ? or * to list all spells.
Flames lash the black bear.
The black bear is almost dead.
The black bear's fire resistance burns away.
The foxfire hits the black bear!
The black bear is burned terribly!
You kill the black bear!
Makhleb accepts your kill.
Your foxfire dissipates!
A centaur comes into view.
Casting: Scorch (safe; 1% risk of failure)
Confirm with . or Enter, or press ? or * to list all spells.
Okay, then.
Casting: Scorch (safe; 1% risk of failure)
Confirm with . or Enter, or press ? or * to list all spells.
Aiming: Tukima's Dance (safe; 1% risk of failure)
Press: ? - help, Shift-Dir - straight line, f - centaur
Aim: a centaur, quivering arrows (wandering, hasn't noticed you, not susceptible)
The centaur shouts!
The centaur's hands twitch.
The centaur wields a +0 shortbow.
The centaur shoots an arrow.
The arrow hits you!
Casting: Tukima's Dance (safe; 1% risk of failure)
Confirm with . or Enter, or press ? or * to list all spells.
Aiming: Teleport Other (safe; 1% risk of failure)
Press: ? - help, Shift-Dir - straight line, f/p - centaur
Aim: a centaur, wielding a +0 shortbow and quivering arrows (chance to affect: 84%)
The centaur looks slightly unstable.
* * * LOW HITPOINT WARNING * * *
The centaur shoots an arrow.
The arrow hits you!
* * * LOW HITPOINT WARNING * * *
The centaur disappears!
The centaur reappears nearby!
The centaur shoots an arrow.
The arrow hits you!
You die...

#............#
#............#
#.........§..#
#.......c....#
#............#
#....^.†)....#
####.†.)..(.#
#.)......#
#..@.....#
##.####### #.# #.#
#.#################
#..................
###################


You could see a centaur.

Vanquished Creatures
  2 water moccasins
  2 black bears
  A necrophage (D:5)
  3 ogres
  A centaur (D:5)
  A phantom (D:5)
  A kobold brigand (D:6)
  A scorpion (D:5)
  2 bullfrogs (D:7)
  A wyvern zombie (D:6)
  A water moccasin skeleton (D:7)
  12 wights
  A jelly (D:5)
  2 centaur zombies
  2 hounds
  An orc priest (D:5)
  Ijyb (D:5)
  3 iguanas
  9 orc wizards
  2 hound zombies (D:4)
  2 hound skeletons
  2 howler monkey zombies
  4 gnolls (D:4)
  5 adders
  An ufetubus (D:6)
  2 adder zombies (D:4)
  2 adder skeletons (D:4)
  3 worms
  2 dart slugs
  18 orcs
  5 ball pythons
  10 bats
  An endoplasm (D:2)
  3 giant cockroaches
  7 goblins
  4 hobgoblins
  13 jackals
  13 kobolds
  4 quokkas
  2 frilled lizards
  A quokka zombie (D:4)
  6 rats
159 creatures vanquished.

Vanquished Creatures (others)
  405 foxfires
  2 withered plants (D:4)
407 creatures vanquished.

Grand Total: 566 creatures vanquished

Notes
Turn   | Place    | Note
-------+----------+-------------------------------------------
     0 | D:1      | xSliceyx the Djinni Fire Elementalist began the quest for
                  | the Orb.
     0 | D:1      | Reached XP level 1. HP: 15/15 MP: 0/0
   258 | D:1      | Reached XP level 2. HP: 20/21 MP: 0/0
   412 | D:1      | Reached skill level 3 in Spellcasting
   651 | D:1      | Reached XP level 3. HP: 17/25 MP: 0/0
   651 | D:1      | Learned a level 1 spell: Beastly Appendage
  1532 | D:1      | Found a faded altar of an unknown god.
  1938 | D:2      | Reached XP level 4. HP: 27/31 MP: 0/0
  2495 | D:3      | Noticed an ogre
  2505 | D:3      | Killed an ogre
  2506 | D:3      | Reached skill level 4 in Spellcasting
  2506 | D:3      | Reached XP level 5. HP: 27/35 MP: 0/0
  2506 | D:3      | Learned a level 2 spell: Ensorcelled Hibernation
  2788 | D:3      | Reached XP level 6. HP: 33/40 MP: 0/0
  3093 | D:3      | Reached skill level 5 in Spellcasting
  3859 | D:4      | Reached XP level 7. HP: 23/45 MP: 0/0
  3859 | D:4      | Learned a level 3 spell: Tukima's Dance
  4346 | D:4      | Reached skill level 6 in Spellcasting
  5203 | D:5      | Entered Level 5 of the Dungeon
  5401 | D:5      | Reached XP level 8. HP: 47/50 MP: 0/0
  5439 | D:5      | Noticed Ijyb
  5443 | D:5      | Killed Ijyb
  5444 | D:5      | Reached skill level 7 in Spellcasting
  6236 | D:6      | Reached skill level 8 in Spellcasting
  6243 | D:6      | Identified the ring "Isuech" {rC+ rCorr Int+7 Stlth+}
  6462 | D:6      | Found a staircase to the Ecumenical Temple.
  6468 | Temple   | Entered the Ecumenical Temple
  6902 | Temple   | Became a worshipper of Makhleb the Destroyer
  7178 | D:6      | Reached XP level 9. HP: 30/55 MP: 0/0
  7178 | D:6      | Learned a level 3 spell: Teleport Other
  7496 | D:6      | Reached skill level 9 in Spellcasting
  7766 | D:6      | Found Wegoq's Weapon Shoppe.
  8437 | D:7      | Reached * piety under Makhleb
  8841 | D:7      | Reached skill level 10 in Spellcasting
  8858 | D:7      | HP: 1/55 [centaur/arrow (15)]
  8859 | D:7      | Shot with an arrow by a centaur

Illustrated notes

Levels and vault maps discovered:
D:1:      co_arrival_square_in_a_square_in_a_square, layout_basic,
          shapermc_ecumenical_altar_mp_urbaneastern
D:2:      layout_rooms
D:3:      layout_loops_ring
D:4:      layout_basic, serial_undead, serial_undead_f, serial_undead_e,
          serial_undead_c, serial_undead_c, serial_undead_a, serial_undead_d,
          minivault_5, chequers_serial_rivers_small_3,
          chequers_serial_rivers_micro_b
D:5:      layout_rooms, nrook_loot_triangle, minivault_24, uniq_ijyb
D:6:      layout_loops_ring, minmay_temple_entry_fiery, serial_shops,
          nicolae_shop_bloodbath_and_beyond
D:7:      layout_basic
Temple:   mainiacjoe_temple_big_plus

Skill      XL: |  1  2  3  4  5  6  7  8  9 |
---------------+----------------------------+-----
Spellcasting   | 3 4 5 6 8 10 | 10.1
Dodging        | |  2.1
Stealth        | |  1.5

Action                   |  1- 3 |  4- 6 |  7- 9 || total
-------------------------+-------+-------+-------++-------
Melee: Whip              |    18 |     4 |       ||    22
 Fire: Hand crossbow     |       |       |    12 ||    12
 Cast: Foxfire           |    50 |    80 |   122 ||   252
       Scorch            |    13 |    21 |    59 ||    93
       Beastly Appendage |     1 |       |       ||     1
       Conjure Flame     |       |     2 |       ||     2
       Flame Wave        |       |       |     2 ||     2
       Teleport Other    |       |       |     1 ||     1
       Tukima's Dance    |       |       |     1 ||     1
       Inner Flame       |       |       |     1 ||     1
  Use: Scroll            |       |       |     4 ||     4
 Stab: Sleeping          |     1 |     1 |       ||     2
Armor: Robe              |    10 |     2 |     3 ||    15
Dodge: Dodged            |    13 |     7 |    28 ||    48
